 Dungeon Crawl Stone Soup version 0.25.1-2-g60ff931df9 (webtiles) character file.

Game seed: 9456593034765129754

1033 DildoBatman the Conjurer (level 8, 0/52 HPs)
             Began as a Formicid Wizard on Aug 22, 2020.
             Was an Initiate of Kikubaaqudgha.
             Slain by a water moccasin (8 damage)
             ... on level 5 of the Dungeon.
             The game lasted 00:20:32 (6161 turns).

DildoBatman the Conjurer (Formicid Wizard)          Turns: 6161, Time: 00:20:33

Health: 0/52       AC:  2    Str: 12    XL:     8   Next: 48%
Magic:  1/12       EV: 12    Int: 20    God:    Kikubaaqudgha [......]
Gold:   195        SH:  0    Dex: 12    Spells: 6/13 levels left

rFire    . . .     SeeInvis +   a - +5 hand axe "Wawkotikk" {drain, +Blink rN+ Dex+3 SInv}
rCold    . . .     Gourm    .   (no shield)
rNeg     + . .     Faith    .   i - +0 robe
rPois    .         Spirit   .   (helmet unavailable)
rElec    .         Reflect  .   (no cloak)
rCorr    .         Harm     .   (no gloves)
MR       .....                  (no boots)
Stlth    ++........             (no amulet)
HPRegen  0.17/turn              (no ring)
MPRegen  0.13/turn              (no ring)

@: no status effects
A: permanent stasis, dig shafts and tunnels, four strong arms, antennae 3
a: Dig, Shaft Self, Renounce Religion


You were on level 5 of the Dungeon.
You worshipped Kikubaaqudgha.
Kikubaaqudgha was noncommittal.
You were hungry.

You visited 2 branches of the dungeon, and saw 6 of its levels.
You also visited: Ossuary.

You collected 195 gold pieces.

Inventory:

Hand Weapons
 a - the +5 hand axe "Wawkotikk" (weapon) {drain, +Blink rN+ Dex+3 SInv}
   (You found it on level 4 of the Dungeon)

   A truly terrible weapon, it drains the life of those it strikes.
   It affects your dexterity (+3).
   It protects you from negative energy.
   It lets you see invisible.
   It lets you blink.
 s - a cursed -1 spear
Missiles
 c - 89 stones
 e - 41 arrows
 k - 31 sling bullets
 m - 8 poisoned darts (quivered)
 u - a throwing net
Armour
 i - a +0 robe (worn)
Wands
 n - a wand of flame (18)
 y - a wand of acid (8)
Scrolls
 f - 3 scrolls of enchant armour {unknown}
 g - a scroll of fog
 j - 3 scrolls of enchant weapon
 q - a scroll of amnesia
 t - a scroll of fear {unknown}
 x - 2 scrolls of remove curse
 C - 2 scrolls of identify
Potions
 b - 3 potions of might
 d - 2 potions of brilliance {unknown}
 h - a potion of degeneration {unknown}
 l - a potion of cancellation {unknown}
 o - 4 potions of curing
 p - 2 potions of haste {unknown}
 r - a potion of mutation {unknown}
 w - a potion of resistance {unknown}
 z - a potion of heal wounds {unknown}
 A - a potion of stabbing {unknown}
 B - a potion of berserk rage {unknown}
Comestibles
 v - 10 rations
 D - 6 chunks of flesh


   Skills:
 - Level 1.7 Dodging
 - Level 2.4 Stealth
 - Level 3.2 Spellcasting
 - Level 6.0 Conjurations
   Level 1.0 Summonings
   Level 0.8 Translocations
 * Level 4.3 Fire Magic
 * Level 3.7 Air Magic


You had 6 spell levels left.
You knew the following spells:

 Your Spells              Type           Power        Failure   Level  Hunger
a - Conjure Flame         Conj/Fire      ###.....     4%          3    ###....
c - Magic Dart            Conj           ####         1%          1    None
e - Mephitic Cloud        Conj/Pois/Air  ###.....     11%         3    ###....

Your spell library contained the following spells:

 Spells                   Type           Power        Failure   Level  Hunger
 Call Imp                 Summ           #.......     14%         2    ##.....
 Slow                     Hex            #.......     22%         2    ##.....
 Blink                    Tloc           Unusable     N/A         2    N/A

Dungeon Overview and Level Annotations

Branches:
Dungeon (5/15)             Temple (1/1) D:5         Ossuary (visited)

Altars:
Ashenzari
Cheibriados
Dithmenos
Elyvilon
Gozag
Hepliaklqana
Kikubaaqudgha
Makhleb
Nemelex Xobeh
Okawaru
Qazlal
Ru
Sif Muna
Trog
Uskayaw
Vehumet
Wu Jian
Xom
Yredelemnul
Zin
The Shining One

Annotations:
D:1 Robin, Terence


Innate Abilities, Weirdness & Mutations

You cannot be hasted, slowed, berserked, paralysed or teleported.
You can dig through walls and to a lower floor.
Your four strong arms can wield two-handed weapons with a shield.
You have a pair of large antennae on your head. (SInv)


Message History

A centaur comes into view.
The centaur wields a +0 shortbow.
The centaur shoots an arrow.
The arrow hits you!
You see here an arrow.
A water moccasin comes into view.
You see here a scroll of teleportation.
Casting: Magic Dart (safe; 1% risk of failure)
Confirm with . or Enter, or press ? or * to list all spells.
The fire begins to smolder!
Casting: Conjure Flame (dangerous; 4% risk of failure)
Confirm with . or Enter, or press ? or * to list all spells.
The fire ignites!
You are feeling hungry.
You are engulfed in blazing flames.
The centaur shoots an arrow.
The arrow hits you! The water moccasin bites you!
You die...
Kikubaaqudgha rasps: "You have failed me!
Welcome... death!"

#.# #.#..### #.#
#.#..# #.# #.#..# #
#.# #.#..######
#%#####.###..........
###...(..........#
#.....c..c.###.#..#
#.##..####?S.........
#.. #@###.#.####.. #.
#.# ###... .. .. #.
.#. ######. #.# { #{
.# ## #.. #.# {{ {..
#.. #.# .. ####.a##.#
... #........# ##.
#.....# #.##.##..#


You could see a water moccasin and a centaur.

Vanquished Creatures
  A water moccasin (D:5)
  2 ogres (D:5)
  An elf zombie (Ossuary)
  A scorpion (D:4)
  A howler monkey (D:4)
  2 centaur zombies (Ossuary)
  A crimson imp (D:5)
  A human zombie (Ossuary)
  An iguana (D:4)
  2 worker ants
  A big kobold zombie (Ossuary)
  A hound zombie (Ossuary)
  3 mummies (Ossuary)
  13 adders
  4 gnolls
  A shadow imp (D:5)
  An ooze (D:1)
  3 adder zombies
  An adder skeleton (D:5)
  2 worms
  2 dart slugs (D:2)
  7 leopard geckos
  7 orcs
  3 ball pythons
  3 giant cockroaches
  14 hobgoblins
  11 jackals
  3 quokkas
  8 bats
  6 frilled lizards
  4 gnoll zombies (Ossuary)
  9 goblins
  4 goblin zombies (Ossuary)
  2 hobgoblin zombies (Ossuary)
  6 jackal zombies (Ossuary)
  11 kobolds
  4 kobold zombies (Ossuary)
  An orc zombie (Ossuary)
  5 quokka zombies (Ossuary)
  8 rats
  A rat zombie (Ossuary)
162 creatures vanquished.

Notes
Turn   | Place    | Note
-------+----------+-------------------------------------------
     0 | D:1      | DildoBatman the Formicid Wizard began the quest for the
                  | Orb.
     0 | D:1      | Reached XP level 1. HP: 13/13 MP: 4/4
   147 | D:1      | Reached skill level 1 in Conjurations
   407 | D:1      | Reached XP level 2. HP: 17/19 MP: 0/6
   657 | D:1      | Reached skill level 2 in Conjurations
   958 | D:1      | Reached XP level 3. HP: 21/24 MP: 1/7
   963 | D:1      | Learned a level 3 spell: Conjure Flame
   967 | D:1      | Learned a level 3 spell: Mephitic Cloud
  1388 | D:2      | Noticed Terence
  1469 | D:2      | Reached skill level 3 in Conjurations
  1551 | D:2      | Reached XP level 4. HP: 30/30 MP: 3/8
  1690 | D:2      | Noticed Robin
  2256 | D:2      | Reached skill level 4 in Conjurations
  2256 | D:2      | Reached XP level 5. HP: 35/35 MP: 1/9
  3719 | D:3      | Reached skill level 1 in Fire Magic
  3812 | D:4      | Reached XP level 6. HP: 41/41 MP: 2/10
  3887 | D:4      | Found a sand-covered staircase.
  3901 | D:4      | Reached skill level 1 in Air Magic
  4137 | D:4      | Got a warped hand axe
  4138 | D:4      | Identified the +5 hand axe "Wawkotikk" {drain, +Blink rN+
                  | Dex+3 SInv} (You found it on level 4 of the Dungeon)
  4244 | Ossuary  | Entered an ossuary
  4325 | Ossuary  | Reached skill level 5 in Conjurations
  4325 | Ossuary  | Reached XP level 7. HP: 22/46 MP: 6/11
  5491 | D:5      | Entered Level 5 of the Dungeon
  5548 | D:5      | Found a staircase to the Ecumenical Temple.
  5557 | Temple   | Entered the Ecumenical Temple
  5658 | Temple   | Became a worshipper of Kikubaaqudgha
  5742 | D:5      | Reached XP level 8. HP: 52/52 MP: 8/12
  6003 | D:5      | Reached skill level 6 in Conjurations
  6161 | D:5      | Slain by a water moccasin

Illustrated notes

Levels and vault maps discovered:
D:1:      dpeg_cavernosity, layout_basic
D:2:      layout_basic, uniq_robin, uniq_terence
D:3:      layout_loops_cross
D:4:      layout_basic, first_ration, enter_ossuary_3
D:5:      layout_loops_ring, minmay_temple_entry_poolview
Temple:   compressed_dpeg_triangle_lava_temple

Skill      XL: |  1  2  3  4  5  6  7  8 |
---------------+-------------------------+-----
Conjurations   | 1 2 3 4 5 6 |  6.0
Fire Magic     | 1 2 3 4 |  4.3
Air Magic      | 1 2 3 |  3.7
Dodging        | |  1.7
Stealth        | |  2.4
Spellcasting   | |  3.2
Summonings     | |  1.0
Translocations | |  0.8

Action                   |  1- 3 |  4- 6 |  7- 9 || total
-------------------------+-------+-------+-------++-------
Melee: Dagger            |    21 |    38 |       ||    59
       Hand axe          |       |    19 |    75 ||    94
Throw: Stone             |       |       |    26 ||    26
       Dart              |       |       |    23 ||    23
 Cast: Magic Dart        |    67 |   179 |    47 ||   293
       Mephitic Cloud    |       |     2 |     7 ||     9
       Conjure Flame     |       |     2 |    16 ||    18
 Abil: Dig               |     4 |     7 |     2 ||    13
  Use: Scroll            |     3 |     4 |       ||     7
 Stab: Sleeping          |     1 |       |       ||     1
  Eat: Chunk             |     2 |     9 |     9 ||    20
Armor: Robe              |     4 |     9 |     7 ||    20
Dodge: Dodged            |    18 |    55 |    44 ||   117
